Map: Orbital Shipyard

Players

LilDicky - Winner!

  • Race: Terran Terran
  • League: Diamond

Zergling

  • Race: Terran Terran
  • League: Diamond

VOD

http://www.twitch.tv/tumescentpie

Description

Time

  • Played on: Dec. 10, 2015, 1:58 p.m.
  • Length: 29:52
Show
View Real Time Build Order
Export as new Build Order

LilDicky Terran - Winner!

Build Orders: Bio Tank, MMM Bio, Banshee Rush 

Get SALT Encoding   

  12  0:02  SCV  
  13  0:14  SCV  
  13  0:19  Supply Depot  
  14  0:26  SCV  
  14  0:28  Refinery  
  15  0:41  SCV  
  16  0:46  Barracks  
  16  0:53  SCV  
  17  1:05  SCV  
  18  1:17  SCV  
  19  1:31  SCV  
  20  1:41  Supply Depot, Reaper  
  20  1:44  Orbital Command  
  21  1:57  Command Center  
  21  2:08  Factory  
  21  2:13  Reaper  
  22  2:21  SCV  
  23  2:28  Refinery  
  23  2:33  SCV  
  24  2:45  SCV  
  25  2:58  Hellion  
  27  3:15  SCV, Starport  
  27  3:19  Orbital Command  
  28  3:23  Factory Tech Lab  
  28  3:25  Marine  
  29  3:44  SCV  
  29  3:45  SCV  
  31  3:53  Supply Depot  
  31  3:56  SCV  
  31  3:57  SCV  
  31  3:58  Cloaking Field  
  31  4:00  Banshee  
  36  4:24  Marine  
  36  4:25  Widow Mine  
  36  4:26  SCV  
  36  4:27  SCV  
  36  4:29  Engineering Bay  
  41  4:38  SCV  
  41  4:39  SCV, Barracks x2  
  41  4:40  Barracks  
  43  4:46  Banshee, Supply Depot  
  43  4:49  Barracks Tech Lab  
  43  4:50  SCV  
  43  4:51  SCV  
  48  4:54  Factory Tech Lab  
  48  5:01  Missile Turret  
  48  5:03  SCV x2, Missile Turret  
  48  5:05  Refinery  
  50  5:10  Terran Infantry Weapons Level 1  
  50  5:12  Barracks x2  
  50  5:15  SCV x2, Siege Tank  
  50  5:17  Stimpack, Marine  
  56  5:27  SCV x2  
  58  5:39  SCV  
  59  6:16  Siege Tank  
  62  6:21  Supply Depot  
  62  6:24  Barracks Reactor  
  62  6:26  Command Center, Barracks Reactor  
  62  6:27  Barracks Tech Lab  
  62  6:28  Barracks Reactor  
  62  6:38  Marine x3  
  62  6:42  Banshee  
  62  6:56  Marine x3  
  62  7:06  Marine x4  
  62  7:07  Marine  
  67  7:10  Concussive Shells  
  67  7:12  SCV x2  
  67  7:14  Marine x2  
  70  7:17  Combat Shields  
  70  7:22  Supply Depot  
  70  7:23  Terran Infantry Armor Level 1  
  70  7:24  SCV, Siege Tank, Marine  
  70  7:25  Marauder  
  70  7:27  Armory  
  70  7:29  SCV, Engineering Bay  
  78  7:38  SCV, Marine x6  
  78  7:41  Supply Depot, SCV  
  78  7:42  Supply Depot, Marauder  
  88  7:46  Marauder  
  88  7:49  Supply Depot  
  88  7:50  SCV  
  91  7:54  SCV  
  91  7:56  Command Center, Marine x3  
  91  7:58  Marine x2  
  97  8:04  Marauder  
  99  8:06  SCV, Missile Turret  
  99  8:08  Starport Reactor, Marauder  
  102  8:23  Marine x2  
  104  8:32  Orbital Command  
  104  8:33  Refinery  
  102  8:34  SCV x2, Refinery  
  102  8:36  Marine  
  102  8:37  Marauder  
  102  8:40  Siege Tank  
  102  8:41  Marine x4  
  110  8:42  Marine  
  110  8:46  Terran Infantry Weapons Level 2, Marine  
  115  8:52  Supply Depot  
  115  8:53  Supply Depot  
  115  8:54  SCV x2, Marine  
  118  8:58  Marine  
  118  8:59  SCV, Marine x3  
  118  9:01  Marine  
  118  9:02  Marine  
  125  9:05  Marauder  
  125  9:06  SCV  
  125  9:07  SCV  
  129  9:10  Medivac  
  129  9:11  Medivac  
  129  9:12  Marine  
  129  9:15  Starport  
  134  9:21  Starport  
  134  9:25  Marine x4  
  134  9:31  Marine x4  
  140  9:35  Terran Infantry Armor Level 2  
  142  9:39  Orbital Command  
  142  9:48  Medivac  
  144  9:54  Marine  
  144  9:55  Marine x2  
  144  9:56  Medivac  
  149  10:11  Medivac x2  
  153  10:30  Medivac x2  
  154  10:45  Marine  
  154  10:47  Marine  
  154  10:48  Marauder, Marine  
  139  11:11  Marine x2  
  139  11:12  Marine x6  
  143  11:29  Marine x2  
  143  11:30  Marauder x2, Marine x4  
  153  11:47  Marine x3  
  153  11:48  Marauder, Marine x2  
  153  11:52  Marauder x2  
  164  12:00  Starport Tech Lab, Starport Reactor  
  164  12:01  Command Center, Terran Infantry Weapons Level 3, Terran Infantry Armor Level 3  
  164  12:05  Marine x3  
  164  12:13  Marauder  
  163  12:17  Marauder x2  
  163  12:18  Command Center  
  123  12:27  Marine  
  123  12:28  Marine x2  
  112  12:34  Marauder  
  112  12:35  Medivac x2  
  112  12:36  Medivac  
  118  12:38  Marauder  
  118  12:39  Marauder  
  118  12:55  Marine x4  
  118  12:56  Marine x2  
  124  12:59  Marine  
  124  13:00  Marauder  
  124  13:01  Supply Depot  
  124  13:02  Supply Depot x3  
  124  13:03  Supply Depot  
  124  13:04  Supply Depot x3  
  126  13:15  Marauder  
  126  13:16  Planetary Fortress  
  126  13:17  Marauder  
  118  13:20  Refinery, Marine x4  
  118  13:21  Refinery, Marine x2  
  124  13:30  Barracks x2  
  124  13:31  Barracks  
  124  13:32  Barracks  
  124  13:34  Barracks  
  124  13:36  Marauder  
  124  13:37  Barracks  
  124  13:38  Barracks, Marine x2  
  124  13:39  Marine, Marauder  
  124  13:40  Marine x2, Marauder  
  134  13:47  Medivac x2  
  138  13:56  Marine  
  138  13:57  Marauder  
  138  14:00  Marauder  
  138  14:01  Marauder  
  138  14:02  Planetary Fortress  
  145  14:08  Banshee  
  145  14:09  Medivac x2  
  152  14:10  Marine x2  
  152  14:14  Refinery x2, Marine x2  
  156  14:17  Marine x2  
  156  14:19  Barracks Reactor, Marauder  
  156  14:20  Barracks Tech Lab  
  156  14:21  Barracks Reactor, Marauder  
  156  14:22  Barracks Tech Lab  
  162  14:34  SCV x3  
  165  14:51  Marine x4  
  165  14:52  Marauder x2, Marine x7  
  180  14:54  Medivac x3  
  180  14:55  Medivac  
  188  15:05  Command Center  
  188  15:09  Marine  
  188  15:10  Marauder x2  
  188  15:11  Refinery  
  188  15:12  Refinery  
  193  15:19  Hi-Sec Auto Tracking  
  193  15:21  Command Center  
  193  15:22  Marine x2  
  193  15:27  Marine x3  
  198  15:40  Marine x2  
  200  15:55  Command Center  
  178  16:22  Marine x2  
  175  16:40  Refinery, Orbital Command  
  175  16:42  Command Center  
  175  16:44  Refinery  
  175  16:46  Command Center  
  175  16:47  Planetary Fortress  
  175  16:54  Missile Turret  
  144  17:17  Marine x8  
  144  17:18  Marauder x3  
  158  17:22  Missile Turret x2  
  158  17:27  Missile Turret  
  158  17:30  Missile Turret  
  156  17:40  Marine  
  156  17:41  Marine x7  
  156  17:42  Marauder  
  166  17:49  Marine x8  
  173  17:51  Viking x4  
  173  17:52  Viking  
  183  17:58  Marine x2  
  183  17:59  Marine x6  
  183  18:03  Marine  
  170  18:06  Marine  
  170  18:07  Marine x3  
  170  18:08  Marauder  
  166  18:13  Marine  
  162  18:21  Viking x4  
  162  18:22  Viking, Marine x6  
  173  18:29  Marine x2  
  173  18:30  Marine x2  
  173  18:31  Marine  
  173  18:32  Marine x6  
  170  18:39  Marine  
  149  19:11  Viking x3  
  149  19:12  Viking x2  
  149  19:14  Marine x2  
  149  19:15  Marine  
  156  19:23  Orbital Command  
  156  19:25  Planetary Fortress  
  156  19:30  Supply Depot  
  156  19:35  Supply Depot  
  156  19:41  Viking x3  
  156  19:42  Viking  
  164  19:45  Refinery  
  164  19:47  Refinery  
  164  19:50  Marine  
  164  19:51  Marine  
  164  19:52  Marine, Marauder x2  
  173  19:53  Marauder  
  173  19:56  Medivac  
  173  19:58  Marine x3  
  163  20:11  Medivac x3  
  163  20:13  Marine  
  139  20:14  Marine x9  
  139  20:21  Marine x5  
  120  20:22  Marine x2  
  120  20:24  Medivac  
  120  20:26  Medivac  
  128  20:31  Marine  
  128  20:32  Ghost Academy, Marine x3  
  128  20:33  Ghost Academy, Marauder  
  134  20:39  Ghost Academy  
  134  20:40  Marauder x3  
  134  20:41  Medivac x2  
  144  20:51  SCV  
  144  20:56  Command Center  
  145  21:09  Command Center, Ghost x2  
  145  21:10  Ghost x3  
  155  21:11  Barracks Tech Lab, Missile Turret  
  155  21:14  Nuke  
  155  21:15  Nuke  
  155  21:16  Nuke  
  151  21:36  Marine x2  
  120  21:49  Marine  
  120  21:50  Marine x11  
  120  21:51  Marauder  
  120  21:52  Marine  
  132  22:06  Marine  
  132  22:07  Marine x3  
  132  22:08  Marine x11  
  139  22:11  Marauder  
  139  22:12  Marauder  
  121  22:24  Marine x3  
  121  22:25  Marine  
  121  22:26  Marauder, Marine x8  
  121  22:27  Marauder x2  
  115  22:32  Marauder  
  115  22:33  Marine  
  102  22:42  Marine x2  
  102  22:43  Marine  
  98  22:46  Marine x6  
  98  22:48  Marine  
  97  22:55  Orbital Command  
  97  23:01  Orbital Command  
  97  23:05  Marine x3  
  98  23:06  Marine  
  98  23:07  Marine  
  102  23:14  Personal Cloaking  
  96  23:51  Marine  
  96  23:52  Marine x16  
  101  24:09  Marine  
  102  24:10  Marine x16  
  117  24:27  Marine x3  
  120  24:38  Marine  
  120  24:39  Marine x10  
  120  24:45  Banshee  
  123  25:22  Marine  
  123  25:23  Marine x3  
  123  25:24  Marauder  
  123  25:25  Marauder x2  
  128  25:33  Marine x3  
  128  25:36  Banshee  
  88  26:02  Banshee x2  
  94  26:18  Banshee  
  97  26:44  Banshee  
  97  26:45  Banshee  
  98  27:00  Marine x2  
  98  27:01  Banshee, Marine x11  
  106  27:02  Marauder x2  
  113  27:27  Banshee x2  
  115  27:37  Marine x3  
  115  27:38  Marauder x2  
  115  27:41  SCV x2  
  115  27:43  Ghost x2  
  126  27:44  Banshee  
  119  28:10  Banshee x2  
  119  28:21  Ghost x4  
  119  28:49  Ghost  
Show
View Real Time Build Order
Export as new Build Order

Zergling Terran 

Build Orders: Command Center First (CC), Mech 

Get SALT Encoding   

  12  0:01  SCV  
  13  0:13  SCV  
  14  0:25  SCV  
  15  0:32  Supply Depot  
  15  0:53  SCV  
  16  0:58  Command Center  
  16  1:05  SCV  
  17  1:14  Barracks  
  17  1:18  Refinery  
  17  1:21  SCV  
  18  1:27  Refinery  
  18  1:33  SCV  
  19  1:44  Supply Depot  
  19  1:46  SCV  
  20  1:58  SCV  
  21  2:04  Reaper  
  22  2:12  Orbital Command  
  22  2:24  Factory  
  22  2:33  Orbital Command  
  22  2:39  SCV  
  23  2:45  Marine  
  21  3:13  Reaper  
  21  3:15  SCV  
  21  3:16  SCV  
  24  3:27  SCV, Factory Tech Lab  
  24  3:28  SCV  
  26  3:39  SCV  
  26  3:45  Reaper  
  26  3:47  Siege Tank  
  30  3:49  SCV  
  30  3:51  SCV  
  30  3:54  Refinery  
  32  3:59  Starport  
  32  4:01  SCV  
  32  4:02  Factory  
  33  4:03  SCV  
  34  4:13  SCV  
  34  4:15  SCV  
  35  4:25  SCV  
  35  4:26  Siege Tank  
  35  4:28  SCV  
  40  4:37  SCV  
  40  4:38  Engineering Bay  
  41  4:39  Refinery  
  41  4:40  SCV  
  41  4:44  Supply Depot  
  42  4:48  Factory Tech Lab  
  42  4:49  SCV, Viking  
  42  4:52  SCV  
  46  5:05  SCV x2, Siege Tank  
  51  5:08  Starport  
  51  5:11  Missile Turret  
  51  5:19  Missile Turret  
  51  5:22  Siege Tank  
  54  5:29  Supply Depot  
  54  5:31  Starport Reactor  
  54  5:34  SCV, Missile Turret  
  54  5:41  Missile Turret  
  54  5:48  SCV  
  53  6:00  SCV  
  53  6:04  Viking  
  53  6:10  Siege Tank x2  
  55  6:19  SCV  
  55  6:20  SCV  
  57  6:27  Viking x2  
  57  6:31  SCV  
  62  6:38  Missile Turret  
  59  7:01  Command Center  
  57  7:12  Factory Tech Lab  
  57  7:14  Factory  
  57  7:32  Supply Depot, Missile Turret  
  57  7:45  Supply Depot  
  57  7:46  Supply Depot  
  57  7:54  SCV x2, Siege Tank  
  57  7:56  Armory  
  62  8:00  Factory Tech Lab  
  62  8:06  SCV x2, Viking, Siege Tank  
  62  8:09  Armory  
  69  8:18  SCV x2  
  71  8:26  Siege Tank  
  74  8:31  SCV x2  
  76  8:36  Orbital Command  
  76  8:38  Siege Tank  
  79  8:58  Siege Tank, Missile Turret  
  79  9:00  Siege Tank  
  85  9:03  SCV x2  
  85  9:06  SCV  
  88  9:11  Siege Tank  
  88  9:15  SCV  
  88  9:16  SCV  
  93  9:26  Refinery  
  93  9:27  Refinery, Missile Turret  
  93  9:32  Supply Depot, Missile Turret  
  93  9:36  Starport Reactor  
  93  9:37  Factory  
  93  9:49  Command Center  
  93  9:54  SCV x2, Siege Tank x2  
  93  9:55  Supply Depot  
  101  10:17  SCV, Siege Tank  
  101  10:18  Viking x2  
  109  10:22  Factory Tech Lab  
  109  10:34  SCV  
  109  10:36  Siege Tank x2  
  110  11:13  Terran Vehicle Weapons Level 1  
  107  11:33  Missile Turret  
  107  11:34  Orbital Command  
  107  11:37  Refinery  
  107  11:44  Missile Turret  
  107  11:46  Hi-Sec Auto Tracking, Missile Turret  
  107  12:06  Supply Depot  
  107  12:14  Supply Depot  
  107  12:20  SCV  
  107  12:22  SCV, Hellbat  
  92  12:23  Siege Tank, Hellbat  
  84  12:32  Viking x3  
  90  12:44  Siege Tank, Hellbat  
  92  13:09  Orbital Command  
  92  13:18  Hellbat x2  
  93  13:40  Supply Depot  
  93  13:43  Supply Depot  
  93  13:49  Terran Vehicle Weapons Level 2  
  93  13:51  SCV x2, Siege Tank  
  93  13:52  Hellbat  
  100  14:02  Viking x3, Siege Tank  
  109  14:05  SCV x2, Viking  
  115  14:10  Hellbat  
  115  14:13  Supply Depot  
  115  14:14  Supply Depot  
  115  14:17  SCV, Refinery  
  115  14:18  Siege Tank  
  115  14:23  Siege Tank  
  124  14:31  Hellbat  
  124  14:32  Sensor Tower  
  124  14:34  Siege Tank  
  127  14:40  Supply Depot  
  127  14:44  Command Center  
  127  14:45  Command Center, Armory  
  127  14:47  Infernal Pre-Igniter  
  127  14:50  Siege Tank  
  133  14:52  Siege Tank  
  133  14:56  Viking, Siege Tank  
  133  14:58  SCV x2  
  140  15:03  Command Center  
  140  15:06  Siege Tank  
  143  15:22  Siege Tank  
  143  15:24  Siege Tank  
  143  15:25  Viking  
  143  15:26  Viking x2  
  143  15:28  Hellbat  
  157  15:35  Terran Vehicle And Ship Armor Level 1  
  157  15:55  Viking, Siege Tank x3  
  157  15:56  Orbital Command  
  170  15:57  Orbital Command, Hellbat  
  170  15:59  Command Center  
  148  16:18  Hellbat  
  141  16:27  Siege Tank x2  
  141  16:28  Hellbat  
  149  16:39  Orbital Command  
  151  16:40  Hellbat  
  151  16:49  Hellbat  
  153  17:00  Missile Turret, Hellbat x2  
  153  17:01  Siege Tank, Missile Turret  
  151  17:10  Siege Tank  
  144  17:21  Siege Tank x2  
  149  17:33  Siege Tank  
  152  17:42  Siege Tank  
  155  17:44  Viking  
  157  17:53  Siege Tank x2  
  157  17:56  SCV  
  164  18:00  Refinery  
  164  18:03  Refinery  
  164  18:05  Siege Tank  
  154  18:14  Siege Tank  
  156  18:25  Siege Tank, Hellbat  
  160  18:37  Hellbat  
  162  18:46  Siege Tank  
  162  18:47  Hellbat  
  167  18:55  Command Center  
  157  18:57  Hellbat  
  157  18:59  Hellbat  
  155  19:08  Siege Tank  
  152  19:18  Command Center, Siege Tank x2  
  152  19:20  Siege Tank  
  161  19:27  Factory  
  161  19:29  SCV  
  161  19:30  SCV  
  163  19:40  Siege Tank  
  139  20:32  Starport  
  139  20:35  Engineering Bay  
  139  20:40  Siege Tank  
  139  20:41  Refinery, Siege Tank, Hellbat x2  
  149  20:49  Orbital Command  
  149  21:03  Hellbat x2  
  153  21:07  Planetary Fortress  
  153  21:13  Hellbat x2  
  153  21:17  Command Center  
  157  21:18  SCV  
  157  21:19  SCV x2  
  157  21:24  Refinery, Hellbat x2  
  164  21:30  Refinery  
  158  21:34  Hellbat x2  
  151  21:45  Siege Tank, Hellbat  
  135  21:56  Hellbat  
  133  22:22  Siege Tank x3  
  127  22:23  Hellbat  
  126  22:32  SCV  
  126  22:33  SCV x3  
  127  22:44  Hellbat  
  124  22:54  Hellbat  
  124  22:55  Hellbat x2  
  130  23:00  SCV x4  
  130  23:02  SCV  
  137  23:06  Hellbat  
  137  23:15  Siege Tank  
  137  23:16  Siege Tank x2  
  149  23:27  Siege Tank  
  149  23:43  Planetary Fortress  
  149  23:46  Refinery  
  149  23:48  Siege Tank x3  
  158  23:55  Missile Turret  
  158  23:59  Siege Tank  
  146  24:20  Siege Tank x3  
  155  24:27  Starport Reactor  
  155  24:30  Starport  
  155  24:31  Siege Tank  
  158  24:52  Siege Tank, Hellbat x2  
  162  25:03  Siege Tank  
  159  25:14  Hellbat x2  
  155  25:24  Hellbat  
  138  25:35  Hellbat  
  131  25:47  Terran Vehicle Weapons Level 3  
  104  25:51  SCV x4  
  104  25:56  Refinery  
  93  26:05  Command Center  
  82  27:02  Orbital Command  
  82  27:07  Hellbat x2  
  77  27:15  Engineering Bay  
  77  27:16  Terran Ship Weapons Level 1  
  64  27:34  Hellbat x2  
  64  27:35  Hellbat x2  
  72  27:42  SCV x3  
  75  27:49  Missile Turret  
  75  27:54  SCV x3  
  75  27:55  Hellbat  
Tags
 
Add a new tag
Caveats
  • Supply blocks, unpowered buildings, or Contaminate may cause inaccurate times.
  • Supply counts are checked every 10 seconds.